 Dungeon Crawl Stone Soup version 0.23-a0-814-g91b4073 (console) character file.

67 bli the Insei (level 4, -6/35 HPs)
             Began as a Demonspawn Monk on Jan 21, 2019.
             Mangled by an iguana (14 damage)
             ... on level 2 of the Dungeon.
             The game lasted 00:04:24 (1333 turns).

bli the Insei (Demonspawn Monk)                     Turns: 1333, Time: 00:04:24

Health: -6/35      AC:  7    Str: 11    XL:     4   Next: 0%
Magic:  4/4        EV: 13    Int: 12    God:
Gold:   79         SH:  0    Dex: 16    Spells: 3/3 levels left

rFire    x . .     SeeInvis .     - Unarmed
rCold    + . .     Gourm    .   (no shield)
rNeg     . . .     Faith    .   a - +0 robe
rPois    .         Spirit   .   (no helmet)
rElec    .         Reflect  .   (no cloak)
rCorr    .         Harm     .   (no gloves)
MR       .....                  (no boots)
Stlth    ++........             (no amulet)
HPRegen  0.11/turn              g - +5 ring of protection
MPRegen  0.09/turn              t - ring of ice

@: no status effects
A: powered by death 2
a: no special abilities


You were on level 2 of the Dungeon.
You were hungry.

You visited 1 branch of the dungeon, and saw 2 of its levels.

You collected 79 gold pieces.

Inventory:

Missiles
 c - 49 sling bullets
 e - 15 arrows
 k - 79 stones (quivered)
 s - 13 poisoned needles
Armour
 a - a +0 robe (worn)
Jewellery
 g - a +5 ring of protection (left hand)
 t - a ring of ice (right hand)
Scrolls
 h - a scroll of identify {unknown}
 j - 2 scrolls of enchant weapon {unknown}
 l - a scroll of fog {unknown}
 m - 2 scrolls of remove curse {unknown}
 n - a scroll of teleportation {unknown}
 q - a scroll of immolation {unknown}
Potions
 f - a potion of heal wounds {unknown}
 i - 3 potions of ambrosia {unknown}
 o - a potion of brilliance {unknown}
 p - a potion of resistance {unknown}
 r - a potion of curing {unknown}
Comestibles
 b - 5 rations
 d - 5 chunks of flesh


   Skills:
 - Level 3.0 Fighting
 + Level 2.7 Dodging
 - Level 1.7 Stealth
 * Level 4.4 Unarmed Combat


You had 3 spell levels left.
You didn't know any spells.
Your spell library was empty.

Dungeon Overview and Level Annotations

Branches:
Dungeon (2/15)

Altars:


Innate Abilities, Weirdness & Mutations

You regenerate health from kills.


Message History

The iguana closely misses you.
You punch the iguana!
The iguana is severely wounded.
The iguana bites you!
You barely miss the iguana.
The iguana is severely wounded.
The iguana closely misses you.
You closely miss the iguana.
The iguana is severely wounded.
The iguana misses you.
You barely miss the iguana.
The iguana is severely wounded.
The iguana bites you!
* * * LOW HITPOINT WARNING * * *
You closely miss the iguana.
The iguana is severely wounded.
You hit the iguana. You punch the iguana, but do no damage.
The iguana is almost dead.
The iguana bites you!
You die...

....#.## ...#... .
#..#..####.# #### ...........
....### .......... ......
.g....... ##.#..
#.##.#gg...... ...... ....#l#
#.. ####...#@# #.. #..#...#.#
#.. #..#...#.# #.. .. #.
#..#...#.######. #..
#.##..#..#...#........ #.
#....
..#..#...<............#.######
#.#..##.###.#####.............
#..................<..........
##..###.###.....#.............
#..###.###.....#.............
. #.............#.............


You could see an iguana and 3 hobgoblins.

Vanquished Creatures
  2 adders (D:2)
  A worm (D:2)
  3 dart slugs (D:1)
  11 goblins
  6 hobgoblins
  2 ball pythons
  5 bats
  5 frilled lizards
  5 kobolds (D:1)
  4 rats
44 creatures vanquished.

Notes
Turn   | Place    | Note
-------+----------+-------------------------------------------
     0 | D:1      | bli the Demonspawn Monk began the quest for the Orb.
     0 | D:1      | Reached XP level 1. HP: 18/18 MP: 1/1
    79 | D:1      | Reached skill level 3 in Unarmed Combat
    97 | D:1      | Gained mutation: You regenerate a little health from kills.
                  | [demonic ancestry]
    97 | D:1      | Reached XP level 2. HP: 23/24 MP: 2/2
   650 | D:1      | Reached XP level 3. HP: 29/29 MP: 3/3
  1020 | D:2      | Reached skill level 4 in Unarmed Combat
  1221 | D:2      | Gained mutation: You regenerate health from kills. [demonic
                  | ancestry]
  1221 | D:2      | Reached XP level 4. HP: 25/35 MP: 4/4
  1333 | D:2      | Mangled by an iguana

Vault maps used:
D:1:      kennysheep_arrival_forest
D:2:      gammafunk_temple_overflow_claw

Skill      XL: |  1  2  3 |
---------------+----------+-----
Unarmed Combat | 3 4 |  4.4
Fighting       | |  3.0
Dodging        | |  2.7
Stealth        | |  1.7

Action                   |  1- 3 |  4- 6 || total
-------------------------+-------+-------++-------
Melee: Unarmed           |   150 |    15 ||   165
       Punch             |     3 |     1 ||     4
Throw: Stone             |     2 |       ||     2
 Stab: Sleeping          |     1 |       ||     1
  Eat: Chunk             |     1 |       ||     1
Armor: Robe              |    28 |     1 ||    29
Dodge: Dodged            |   102 |     8 ||   110

Table legend:
 A = Non-vault XP
 B = Vault XP
 C = Vault XP percentage of total XP
 D = Non-vault monster count
 E = Vault monster count
 F = Vault count percentage of total count
                 A         B        C        D         E       F
            +---------+---------+-------+---------+---------+-------
      Total |      97 |       0 |   0.0 |      44 |       0 |   0.0
            +---------+---------+-------+---------+---------+-------
        D:1 |      47 |       0 |   0.0 |      28 |       0 |   0.0
        D:2 |      50 |       0 |   0.0 |      16 |       0 |   0.0
            +---------+---------+-------+---------+---------+-------
